 Dungeon Crawl Stone Soup version 0.16-a0-4088-g7c8221e (webtiles) character file.

39 Sixotanaka the Stinger (level 3, -2/21 HPs)
             Began as an Octopode Venom Mage on Feb 21, 2015.
             Slain by an adder (3 damage)
             ... on level 2 of the Dungeon on Feb 22, 2015.
             The game lasted 00:03:29 (1138 turns).

Sixotanaka the Stinger (Octopode Venom Mage)        Turns: 1138, Time: 00:03:29

Health: -2/21      AC:  1    Str:  7    XL:     3   Next: 47%
Magic:  3/6        EV: 12    Int: 18    God:
Gold:   67         SH:  0    Dex: 12    Spells: 1 memorised, 5 levels left

rFire  . . .     SeeInvis .     f - +0 club
rCold  . . .     Clarity  .     (no shield)
rNeg   . . .     SustAb   .     (helmet restricted)
rPois  .         Gourm    .     (no amulet)
rElec  .         Spirit   .     (no ring)
rCorr  .         Warding  .     (no ring)
rMut   .         Stasis   .     (no ring)
MR     .....                    (no ring)
Stlth  +++.......               (no ring)
                                (no ring)
                                (no ring)
                                (no ring)

@: lethally poisoned (-2 -> -4), not resistant to hostile enchantments, fairly
stealthy
A: almost no armour, amphibious, 8 rings, constrict 8, camouflage 1, gelatinous
body 1
a: no special abilities


You were on level 2 of the Dungeon.
You were not hungry.

You visited 1 branch of the dungeon, and saw 2 of its levels.

You collected 67 gold pieces.


Innate Abilities, Weirdness & Mutations

You cannot wear most types of armour.
You are amphibious.
You can wear up to eight rings at the same time.
You can use your tentacles to constrict many enemies at once.
Your skin changes colour to match your surroundings (Stealth).
Your rubbery body absorbs attacks (AC +1).


   Skills:
 - Level 2.0 Dodging
 - Level 2.6 Stealth
 - Level 2.0 Spellcasting
 + Level 6.2 Poison Magic


You had 5 spell levels left.
You knew the following spells:

 Your Spells              Type           Power        Failure   Level  Hunger
z - Sting                 Conj/Pois      ##..         6%          1    #......


Dungeon Overview and Level Annotations

Branches:
Dungeon (2/15)

Altars:

Inventory:

Hand weapons
 f - a +0 club (weapon)
 k - a +0 dagger
Missiles
 j - 19 stones (quivered)
Magical devices
 g - a wand of flame (30)
 p - a wand of confusion (20)
Scrolls
 a - 3 scrolls of enchant armour {unknown}
 e - 2 scrolls of identify {unknown}
 i - a scroll of amnesia {unknown}
 n - a scroll of teleportation {unknown}
 o - a scroll of noise {unknown}
Potions
 h - a potion of flight {unknown}
 l - a potion of restore abilities {unknown}
 m - a potion of heal wounds {unknown}
Books
 b - a Young Poisoner's Handbook
Comestibles
 c - a bread ration
 d - 2 fruits
 q - a slice of pizza

### #### #.# ...# #.##
...# #..##### ..#
##....†### ..#
##.......# #.#
##...^....# #.#
##..#....###
#.##########<.#@h.###
##.##..†......##S..##
#.....#########hh...#
.....†## #...ghS...##
.......# #.#........#
##.....####..(........#
..............†.......#
......................#
.#....................#


You could see 2 adders, 4 jackals and a hobgoblin.


Message History

Found a long glass wand.
The sting hits the bat.
The sting hits the bat.
You kill the bat!
The sting hits the worm.
The sting hits the worm.
The sting hits the worm.
The worm is poisoned.
The kobold shouts!
All of the chunks of flesh in your inventory have rotted away.
The sting hits the worm.
The worm looks even sicker.
A hobgoblin and a kobold come into view.
You feel a bit more experienced.
You start resting.
The sting misses the kobold.
The kobold closely misses you.
You hit the kobold. You grab the kobold. You constrict the kobold.
You kill the kobold!
You see here a kobold corpse.
You start resting.
g - a wand of flame
Found 11 stones and a slice of pizza.
You now have 67 gold pieces (gained 16).
p - a wand of confusion
q - a slice of pizza A bat comes into view.
A bat is nearby!
A bat is nearby!
The sting hits the bat.
The bat is poisoned.
You kill the bat!
An adder and a jackal come into view.
The jackal barks!
A jackal comes into view.
There are monsters nearby!
There are monsters nearby!
The sting hits the adder.
The adder is poisoned.
An adder and a jackal come into view.
The sting hits the adder.
The hobgoblin shouts!
The jackal barks!
A jackal comes into view.
Found a slice of pizza.
The adder looks more healthy.
The adder closely misses you.
A goblin comes into view.
The adder barely misses you. The jackal bites you. The adder bites you.
You are poisoned.
The adder poisons you!
You feel sick. The jackal barely misses you.
The hobgoblin shouts!
You feel sick.
The goblin shouts!
The adder bites you.
* * * LOW HITPOINT WARNING * * *
You see here 3 javelins.
You feel sick. The jackal barely misses you. The adder misses you.
The sting misses the adder.
The sting hits the jackal.
The jackal is poisoned.
The jackal barks!
You feel sick. The jackal bites you.
* * * LOW HITPOINT WARNING * * *
The adder closely misses you.
The sting misses the adder.
The sting hits the goblin.
You kill the goblin!
The jackal bites you.
* * * LOW HITPOINT WARNING * * *
The adder barely misses you. The jackal barely misses you. The adder bites you.
You die...

Action                   || total
-------------------------++-------
Melee: Club              ||    16
 Cast: Sting             ||    55
  Eat: Chunk             ||     1

Vault maps used:
D:1:      dpeg_arrival_orchard
D:2:      tgw_fedhas

Notes
Turn   | Place    | Note
--------------------------------------------------------------
     0 | D:1      | Sixotanaka, the Octopode Venom Mage, began the quest for the Orb.
     0 | D:1      | Reached XP level 1. HP: 11/11 MP: 3/3
    95 | D:1      | Reached skill level 5 in Poison Magic
   129 | D:1      | Upgraded the game from 0.16-a0-4071-g68d9c7e to 0.16-a0-4083-g5af668b
   149 | D:1      | Reached XP level 2. HP: 12/17 MP: 0/4
   192 | D:1      | Upgraded the game from 0.16-a0-4083-g5af668b to 0.16-a0-4088-g7c8221e
   743 | D:1      | Reached XP level 3. HP: 21/21 MP: 4/6
   829 | D:1      | Reached skill level 6 in Poison Magic
  1136 | D:2      | HP: 5/21 [poisoned by an adder]
  1137 | D:2      | HP: 1/21 [jackal (2)]
  1138 | D:2      | Slain by an adder

Vanquished Creatures
  A worm (D:2)
  6 bats
  7 goblins
  8 hobgoblins (D:1)
  2 jackals (D:1)
  A giant cockroach (D:2)
  A giant newt (D:2)
  3 kobolds
  2 rats (D:2)
31 creatures vanquished.
